[Event "*** Titled Tuesday Blitz"]
[Site "Chess.com"]
[Date "2020.12.29"]
[Round "7"]
[White "chessuriel"]
[Black "eCztery"]
[Result "0-1"]
[WhiteElo "2228"]
[BlackElo "2367"]
[TimeControl "180+1"]
[EndTime "11:17:31 PST"]
[Termination "eCztery won by resignation"]

1. e4 c5 2. Nf3 Nc6 3. d4 cxd4 4. Nxd4 g6 5. Nc3 Bg7 6. Nb3 d6 7. g4 Nf6 8. g5 Nd7 9. h4 Nde5 10. f4 Bg4 11.
Be2 Bxe2 12. Qxe2 Nd7 13. h5 Nd4 14. Nxd4 Bxd4 15. hxg6 hxg6 16. Rxh8+ Bxh8 17. Qh2 Bg7 18. Bd2 Qb6 19. O-O-O O-O-O 20. Qh7 Bd4 21. Qxf7 Nc5 22. Qxg6 Kb8 23. Qf5 e6 24. Qh7 Rc8 25. g6 Nxe4 26. g7 Nxc3 27. bxc3 Bc5 28. Be1 Be3+ 29. Bd2 Bc5 30.
Rh1 Ba3+ 31. Kd1 Qf2 32. g8=Q Qf3+ 33. Ke1 Bc5 34. Qxc8+ Kxc8 35. Qg8+ Kc7 36. Qg7+ Kb6 37. Rf1 Qe4+ 38. Kd1 Qc4 39. Qg2 d5 40. Qe2 Qxa2 41. Qxe6+ Kb5 42. Ke2 Qc4+ 43. Kf3 Qxf1+ 44. Kg4 Qg2+ 45.
Kf5 Qxd2 46. Qd7+ Ka6 47. Qa4+ Kb6 48. Qb3+ Kc7 49. Qa4 Qxc3 50. Ke6 Bb6 51. Qd7+ Kb8 52. Qd6+ Qc7 53. Qf8+ Qc8+ 54. Qxc8+ Kxc8 0-1

[Event "*** Titled Tuesday Blitz"]
[Site "Chess.com"]
[Date "2020.12.29"]
[Round "7"]
[White "Bulldog167"]
[Black "Vaathi_Coming"]
[Result "1-0"]
[WhiteElo "2714"]
[BlackElo "2834"]
[TimeControl "180+1"]
[EndTime "11:17:34 PST"]
[Termination "Bulldog167 won on time"]

1. d4 Nf6 2. c4 e6 3. Nf3 d5 4. Nc3 a6 5. c5 Nc6 6. Bf4 b6 7. cxb6 cxb6 8. e3 Bd6 9. Bxd6 Qxd6 10. Bd3 Bd7 11. O-O O-O 12. Rc1 Rfc8 13. Qe2 b5 14. a4 b4 15. Nb1 Na5 16. Nbd2 g6 17. Ne5 Be8 18. h3 b3 19. Nb1 Nd7 20. Rxc8 Rxc8 21. Bxa6 Rc2 22. Qb5 Qc7 23. Nd3 Rc4 24. Bc8 Nf6 25. Qa6 Nc6 26. Na3 Nb8 27. Qa8 Qxc8 28. Nxc4 dxc4 29. Nc5 Bc6 30. Qa5 Nbd7 31. Rc1 Bd5 32.
Nxd7 Qxd7 33. Qb4 Ne4 34. a5 Nd6 35. a6 Qc6 36. a7 Bxg2 37. d5 Bxd5 38. Rd1 Kg7 39.
Rxd5 Qxd5 40. Qb8 c3 41. bxc3 b2 42. a8=Q Qxa8 43. Qxb2 Qd5 44. c4+ e5 45. cxd5 1-0

[Event "*** Titled Tuesday Blitz"]
[Site "Chess.com"]
[Date "2020.12.29"]
[Round "7"]
[White "swisspower96"]
[Black "SHIVACalypso"]
[Result "1-0"]
[WhiteElo "2668"]
[BlackElo "2470"]
[TimeControl "180+1"]
[EndTime "11:17:34 PST"]
[Termination "swisspower96 won by resignation"]

1. d4 e6 2. c4 Nf6 3. Nf3 d5 4.
g3 Be7 5. Bg2 O-O 6. Nc3 dxc4 7.
Ne5 c5 8. dxc5 Qxd1+ 9. Nxd1 Bxc5 10. O-O Nc6 11. Nxc6 bxc6 12. Be3 Bb6 13. Rc1 Ba6 14. Bxb6 axb6 15. Bxc6 Rac8 16. Bf3 Rfd8 17. Rc2 Kf8 18. a3 Ke7 19. Nc3 Rd6 20. Rfc1 b5 21. Na2 Rcd8 22. Nb4 Nd5 23. Kg2 Bb7 24. Na2 Ba6 25. e3 f5 26. h4 g6 27. Kg1 e5 28. e4 Nf6 29. exf5 e4 30. Bg2 gxf5 31. Bh3 Ke6 32. Nc3 Ke5 33. Kf1 Rd2 34. Ke1 R2d3 35. Bf1 R3d4 36. Ne2 R4d6 37. Nf4 Nd5 38. Nxd5 Rxd5 39.
Be2 Rd4 40. Ra1 Bb7 41. a4 Bc6 42. axb5 Bxb5 43. Ra5 R8d5 44. Rc3 Bc6 45. Ra6 Rc5 46. b4 Rb5 47. Rxc6 Rxb4 48. Rc1 Kd5 49. Rc8 Rb3 50.
Bxc4+ 1-0

[Event "*** Titled Tuesday Blitz"]
[Site "Chess.com"]
[Date "2020.12.29"]
[Round "7"]
[White "ChronicUnhappiness"]
[Black "midedu"]
[Result "1-0"]
[WhiteElo "2333"]
[BlackElo "2125"]
[TimeControl "180+1"]
[EndTime "11:17:34 PST"]
[Termination "ChronicUnhappiness won on time"]

1. c4 Nf6 2. Nc3 g6 3. e4 d6 4. d4 Bg7 5. Nf3 O-O 6. Be2 Nc6 7. d5 Nb8 8. O-O c6 9. Bg5 Nbd7 10. Re1 a6 11. a4 h6 12. Be3 Rb8 13. a5 c5 14. h3 b6 15. axb6 Rxb6 16. b3 Qc7 17.
Qc2 Qb8 18. Ra3 Kh7 19. Bf4 Ne8 20. Bd3 Rb4 21. h4 Kg8 22. Bg3 Nef6 23. e5 Nh5 24. exd6 exd6 25. Bh2 Ndf6 26. Ne4 Nxe4 27. Rxe4 Qc7 28. Re1 Bg4 29. Nd2 a5 30. f3 Bc8 31.
Ne4 Rd8 32. g4 Nf6 33. Nc3 Nxg4 34. fxg4 Bxg4 35. Nb5 Rxb5 36. cxb5 Bd4+ 37. Kf1 Bh3+ 38. Ke2 Qe7+ 39. Kd2 Qxh4 40. Re4 Qf2+ 41. Kc1 Qf6 42.
Rxd4 Qxd4 43. Ra4 Qf6 44. Qd2 Kh7 45. Kc2 Bf5 46. Bxf5 Qxf5+ 47. Kb2 Qf6+ 48. Ka2 Qf5 49. Rc4 1-0

[Event "*** Titled Tuesday Blitz"]
[Site "Chess.com"]
[Date "2020.12.29"]
[Round "7"]
[White "jacky72"]
[Black "Shepherdboy"]
[Result "1/2-1/2"]
[WhiteElo "2777"]
[BlackElo "2362"]
[TimeControl "180+1"]
[EndTime "11:17:36 PST"]
[Termination "Game drawn by repetition"]

1. d4 d5 2. c4 dxc4 3. Nf3 Nf6 4.
e3 e6 5. Bxc4 c5 6. O-O a6 7. Nc3 Nc6 8. Bb3 Be7 9. d5 exd5 10.
Nxd5 O-O 11. Nxe7+ Qxe7 12. h3 Ne4 13. Qe2 Bf5 14.
Nd2 Rad8 15. Nxe4 Bxe4 16. Bc2 Rfe8 17. b3 Bxc2 18. Qxc2 Nb4 19. Qc3 Rd3 20. Qc4 Red8 21. Bb2 Rd2 22. Ba3 b5 23. Qc1 a5 24. Bxb4 axb4 25. a3 bxa3 26. Qxa3 b4 27. Qa5 g6 28.
Qb6 Kg7 29. Ra7 Qd6 30. Qb5 Qd5 31. Rc7 Rc2 32. Qb6 Rd6 33. Qb8 Qxb3 34. Rxc5 Rxc5 35.
Qxd6 Rd5 36. Qc6 Rd1 37. Rxd1 Qxd1+ 38. Kh2 Qa1 39. Qb5 Qc3 40. Kg3 b3 41. Kf3 b2 42.
g4 Qf6+ 43. Ke2 Qc3 44. Kf3 h5 45. gxh5 gxh5 46. Qg5+ Kh8 47. Qxh5+ Kg8 48. Qg5+ Kh8 49. Qb5 Kg7 50. h4 Qc2 51. Qg5+ Kh8 52. Qh6+ Kg8 53. Qg5+ Kf8 54. Qd8+ Kg7 55. Qg5+ Kf8 56. Qd8+ Kg7 57.
Qg5+ 1/2-1/2

[Event "*** Titled Tuesday Blitz"]
[Site "Chess.com"]
[Date "2020.12.29"]
[Round "7"]
[White "Loy_Konstantin"]
[Black "Martins-BR"]
[Result "0-1"]
[WhiteElo "2385"]
[BlackElo "2286"]
[TimeControl "180+1"]
[EndTime "11:17:36 PST"]
[Termination "Martins-BR won by resignation"]

1. e4 c5 2. Nf3 Nc6 3. Nc3 g6 4. d4 cxd4 5. Nxd4 Bg7 6. Be3 Nf6 7. Bc4 O-O 8. Bb3 d6 9. f3 Bd7 10. h4 h5 11. Qd2 Na5 12. O-O-O Nxb3+ 13. Nxb3 a5 14. a3 b5 15. Nd5 Nxd5 16. Qxd5 b4 17. axb4 axb4 18. g4 Be6 19. Qd3 hxg4 20. h5 gxf3 21. Bd4 g5 22. Bxg7 Kxg7 23. h6+ Kh8 24. Qxf3 Bxb3 25.
Qxb3 f6 26. Qxb4 Qc7 27. Qb3 Rfc8 28. h7 Qc6 29. Rde1 Qc5 30. Kd2 Qd4+ 31. Qd3 Qxb2 32.
Rb1 Qa3 33. Rb7 Qa5+ 34. Ke2 Qe5 35. Rb5 Qf4 36. Rf5 Qg4+ 37. Kd2 Ra2 38. Rhf1 Raxc2+ 39. Qxc2 Rxc2+ 40. Kxc2 Qxe4+ 41. Kc3 Kxh7 42. R5f3 Qc6+ 43. Kd2 Kg7 44. Re3 e5 45. Rc1 Qb6 46. Rec3 d5 47. Rc6 Qb4+ 48. Ke3 Qf4+ 49. Ke2 d4 50. Rc7+ Kg6 51.
Rc8 e4 52. Rg8+ Kf5 53. Rf1 d3+ 54. Ke1 d2+ 55. Ke2 Qxf1+ 56. Kxf1 d1=Q+ 0-1

[Event "*** Titled Tuesday Blitz"]
[Site "Chess.com"]
[Date "2020.12.29"]
[Round "7"]
[White "ChrisTool2"]
[Black "stephan97"]
[Result "1-0"]
[WhiteElo "2374"]
[BlackElo "2244"]
[TimeControl "180+1"]
[EndTime "11:17:36 PST"]
[Termination "ChrisTool2 won by resignation"]

1. d4 d5 2. c4 e6 3. Nc3 Nf6 4. Nf3 Be7 5. Bf4 O-O 6. e3 b6 7. cxd5 Nxd5 8. Nxd5 Qxd5 9. Bd3 Qa5+ 10. Nd2 Ba6 11.
Bxa6 Qxa6 12. Qe2 c5 13. Bxb8 Qxe2+ 14. Kxe2 Raxb8 15. dxc5 Bxc5 16. Nb3 Rfc8 17. Rac1 Be7 18. Nd4 Kf8 19. Nc6 Ra8 20. Nxe7 Kxe7 21. e4 g5 22.
e5 f5 23. exf6+ Kxf6 24. Ke3 Kf5 25. f3 h5 26. Rhd1 e5 27. g3 g4 28. fxg4+ hxg4 29. Rf1+ Kg5 30. Ke4 Rxc1 31. Rxc1 Rh8 32. Rc2 Kf6 33. a4 Ke6 34. b4 Kf6 35. b5 Rh7 36. Rc6+ Kg5 37. Kxe5 Rxh2 38. Rc7 Re2+ 39. Kd5 Re3 40.
Rxa7 Rxg3 41. Rg7+ Kf6 42. Rg8 Kf7 43. Rg5 Kf6 44. Rg8 Rg1 45. Kc6 g3 46. Kxb6 g2 47. a5 Ke7 48. a6 Kd7 49. Ka7 Rb1 50. b6 g1=Q 51. Rxg1 Rxg1 52. b7 Rg8 53. b8=Q Rxb8 54. Kxb8 Kc6 55. a7 1-0

[Event "*** Titled Tuesday Blitz"]
[Site "Chess.com"]
[Date "2020.12.29"]
[Round "7"]
[White "Brave_spirit12"]
[Black "HanSchut"]
[Result "1-0"]
[WhiteElo "2542"]
[BlackElo "2258"]
[TimeControl "180+1"]
[EndTime "11:17:37 PST"]
[Termination "Brave_spirit12 won by resignation"]

1. e4 c5 2. c3 g6 3. d4 cxd4 4. Qxd4 Nf6 5. e5 Nc6 6. Qe3 Nd5 7. Qe4 Nc7 8. Nf3 d5 9. exd6 Qxd6 10. Bf4 Qe6 11.
Bd3 Nd5 12. Be5 Nxe5 13. Qxe5 Bg7 14. Bb5+ Kf8 15. Qxe6 Bxe6 16. Nbd2 a6 17. Ba4 Nf4 18. O-O b5 19. Bb3 a5 20. g3 Nd5 21. Ng5 a4 22. Nxe6+ fxe6 23. Bc2 a3 24. bxa3 Rxa3 25.
Bb3 Nxc3 26. Rae1 Nxa2 27. Rxe6 Bc3 28. Bxa2 Rxa2 29. Ne4 b4 30. Rd1 Kf7 31. Ng5+ Kg7 32. h4 Bf6 33. Ne4 b3 34. Nxf6 exf6 35. Rd7+ Kh6 36. Rb7 b2 37. Kg2 Rd8 38. Rxf6 Rd2 39. Rff7 g5 40. Rxh7+ Kg6 41. Rhg7+ Kf6 42. hxg5+ Ke6 43.
Rgf7 Rc2 44. Rf6+ Ke5 45. Kh3 Kd4 46. g6 Kd3 47. g7 Rc8 48. Rf8 Rxf8 49. gxf8=Q Kc2 50. Qc5+ Kd1 51. Rxb2 Rxb2 52. Qd4+ Rd2 53. Qxd2+ Kxd2 54. f4 1-0

[Event "*** Titled Tuesday Blitz"]
[Site "Chess.com"]
[Date "2020.12.29"]
[Round "7"]
[White "Alekseyviktorovich"]
[Black "Pertinhez76"]
[Result "1-0"]
[WhiteElo "2324"]
[BlackElo "2113"]
[TimeControl "180+1"]
[EndTime "11:17:37 PST"]
[Termination "Alekseyviktorovich won on time"]

1. e4 e6 2. d4 d5 3. Nd2 Nf6 4. Bd3 c5 5. c3 Nc6 6. Ngf3 cxd4 7. cxd4 dxe4 8. Nxe4 Nxe4 9. Bxe4 Bb4+ 10. Bd2 Bxd2+ 11.
Qxd2 Bd7 12. O-O O-O 13. Rad1 Qb6 14. Bb1 Qa5 15. Qd3 g6 16. a3 Rad8 17. Qe3 Qh5 18. Ng5 Ne7 19. Ne4 Nd5 20. Qg3 Bc6 21. f4 f5 22. Ng5 Rfe8 23. Rfe1 Bd7 24. Ba2 h6 25. Nf3 Ba4 26. Rc1 Qg4 27. Qxg4 fxg4 28. Ne5 Nxf4 29. Nxg4 Nd3 30. Rxe6 Rxe6 31. Bxe6+ Kh8 32. Rc7 Rf8 33. Rxb7 Nf4 34. Bc4 h5 35. Ne5 Bc2 36. g3 Be4 37. gxf4 Bxb7 38. Nxg6+ Kg7 39. Nxf8 Kxf8 40. d5 Ke7 41.
Kf2 Kd6 42. Ke3 Kc5 43. Kd3 Bc8 44. b4+ Kd6 45. Kd4 Bh3 46. a4 Bg2 47. b5 Bh3 48. a5 Bc8 49. b6 axb6 50. axb6 Bb7 51. f5 h4 52. f6 1-0

[Event "*** Titled Tuesday Blitz"]
[Site "Chess.com"]
[Date "2020.12.29"]
[Round "7"]
[White "VladaSviridova"]
[Black "viktorko131"]
[Result "1-0"]
[WhiteElo "2248"]
[BlackElo "2072"]
[TimeControl "180+1"]
[EndTime "11:17:37 PST"]
[Termination "VladaSviridova won on time"]

1. d4 Nf6 2. c4 e6 3. Nf3 Bb4+ 4.
Bd2 c5 5. Bxb4 cxb4 6. g3 O-O 7. Bg2 d6 8. O-O Nc6 9. a3 a5 10. axb4 Nxb4 11. Nc3 Bd7 12. e4 Qc7 13. b3 e5 14.
dxe5 dxe5 15. Nd5 Nfxd5 16. exd5 Ra6 17. Re1 f6 18. Nd2 Nd3 19. Re3 Nc5 20. Qc2 g6 21.
Rae1 Kg7 22. h4 a4 23. b4 Nb3 24. Nxb3 axb3 25. Qxb3 Rfa8 26. c5 Ra2 27. d6 Qc8 28. Qd5 Bc6 29. d7 Qxd7 30. Qxd7+ Bxd7 31. Bxb7 Rb8 32. c6 Bc8 33. Bxc8 Rxc8 34. Rc3 Rb2 35. Rc4 Kf7 36.
Rd1 Ke6 37. Kg2 f5 38. h5 e4 39. hxg6 hxg6 40. Kf1 g5 41. c7 f4 42. gxf4 gxf4 43.
Rxe4+ Kf5 44. Rc4 f3 45. Rc3 Kf4 46. Rd4+ Kg5 47. Rd1 Rh8 48. Rd5+ Kg6 49. Rxf3 Rh1+ 50. Kg2 1-0

[Event "*** Titled Tuesday Blitz"]
[Site "Chess.com"]
[Date "2020.12.29"]
[Round "7"]
[White "CSB7"]
[Black "grunbergmihai"]
[Result "1/2-1/2"]
[WhiteElo "2623"]
[BlackElo "2447"]
[TimeControl "180+1"]
[EndTime "11:17:38 PST"]
[Termination "Game drawn by agreement"]

1. Nf3 Nf6 2. d4 g6 3. c4 Bg7 4. Nc3 O-O 5. e4 d6 6. Be2 c6 7. O-O a6 8. a3 b5 9. h3 bxc4 10. Bxc4 d5 11. Bd3 dxe4 12. Nxe4 Nxe4 13. Bxe4 Be6 14.
Bf4 Bd5 15. Qc2 Nd7 16. Rac1 Nf6 17. Bxd5 cxd5 18. Ne5 Ne4 19. Qc6 Ra7 20. f3 Nf6 21.
Kh1 Nd7 22. Qxd5 Nxe5 23. Qxd8 Rxd8 24. dxe5 g5 25. Bxg5 Bxe5 26. Rc2 f6 27. Bc1 Rad7 28. g4 Kf7 29. Kg2 Kg6 30. f4 Bb8 31. f5+ Kf7 32. Bf4 Bxf4 33. Rxf4 Rd2+ 34. Rf2 Rxf2+ 35. Kxf2 Rd3 36. Kg2 Rb3 37. Kh2 a5 38. Kg2 a4 39.
Rc4 Rxb2+ 40. Kg1 Rb3 41. Rxa4 Rxh3 42. Kg2 Rb3 43. Ra7 h5 44. gxh5 Rb5 45. Kg3 Rxf5 46. Kg4 Rg5+ 47. Kh4 Rg1 48. a4 Rh1+ 49. Kg4 Rg1+ 50.
Kh4 f5 51. h6 f4 52. h7 Rh1+ 53. Kg4 Rxh7 54. Kxf4 1/2-1/2

[Event "*** Titled Tuesday Blitz"]
[Site "Chess.com"]
[Date "2020.12.29"]
[Round "7"]
[White "vanyakuba"]
[Black "malakismayil"]
[Result "1-0"]
[WhiteElo "2458"]
[BlackElo "2301"]
[TimeControl "180+1"]
[EndTime "11:17:38 PST"]
[Termination "vanyakuba won on time"]

1. e4 e5 2. Nf3 Nc6 3. Nc3 Nf6 4. g3 Bc5 5. Bg2 d6 6. O-O Bg4 7. h3 Bxf3 8. Bxf3 O-O 9. d3 h6 10. Be3 Bb6 11. Bg2 Qd7 12. Kh2 Rae8 13. a3 Kh7 14.
b4 Bd4 15. Bd2 Ne7 16. Rb1 Rc8 17. f4 c5 18. Ne2 c4 19. Nxd4 exd4 20. b5 c3 21. Bc1 d5 22. e5 Ne8 23. g4 f5 24.
exf6 Nxf6 25. f5 Rc5 26. a4 a6 27. Re1 Nc8 28. Ba3 Rd8 29. Bxc5 Qc7+ 30. Kg1 Qxc5 31. Qe2 Re8 32. Qf2 a5 33. Rxe8 Nxe8 34. h4 Nb6 35. g5 Nxa4 36. Re1 Nc7 37. f6 Qd6 38. f7 Qf8 39. Bxd5 Nxd5 40. Re8 Qa3 41. f8=Q Qc1+ 42.
Kh2 Ne3 43. Qg8+ Kg6 44. Qe6+ Kh5 45. Qef7+ g6 46. Kg3 1-0

[Event "*** Titled Tuesday Blitz"]
[Site "Chess.com"]
[Date "2020.12.29"]
[Round "7"]
[White "glebus008"]
[Black "atalz0"]
[Result "0-1"]
[WhiteElo "2236"]
[BlackElo "2373"]
[TimeControl "180+1"]
[EndTime "11:17:38 PST"]
[Termination "atalz0 won by checkmate"]

1. e4 d5 2. exd5 Nf6 3. Bb5+ Bd7 4. Be2 Nxd5 5. d4 Bf5 6. a3 e6 7. c4 Nf6 8. Nc3 Be7 9. Nf3 O-O 10. O-O Ne4 11. Be3 Nc6 12. Nxe4 Bxe4 13. b4 Bf6 14. Ra2 Qd7 15. Rd2 Rfd8 16. b5 Na5 17. Qa4 b6 18. Rfd1 a6 19. Ne5 Qe8 20. Qb4 axb5 21. cxb5 Be7 22.
Qc3 Rdc8 23. a4 Bd5 24. Bh5 g6 25. Bf3 Bxf3 26. Nxf3 c6 27. Qd3 cxb5 28. axb5 Nc4 29. Rc2 Ra3 30. Rc3 Nxe3 31. Rxa3 Nxd1 32. Ra1 Nc3 33.
Ne5 Nd5 34. Nc6 Rxc6 35. bxc6 Qxc6 36. h4 h5 37. Ra7 Bxh4 38. g3 Bf6 39. Qf3 Kg7 40. Kh2 b5 41. Qa3 b4 42. Qa5 Bxd4 43. Ra8 Qc2 44. Qd8 Qxf2+ 45. Kh3 Qf1+ 46. Kh2 Bg1+ 47. Kh1 Bf2+ 48. Kh2 Qg1+ 49. Kh3 Qxg3# 0-1

[Event "*** Titled Tuesday Blitz"]
[Site "Chess.com"]
[Date "2020.12.29"]
[Round "7"]
[White "onnoelgersma"]
[Black "szabadaba"]
[Result "0-1"]
[WhiteElo "2428"]
[BlackElo "2592"]
[TimeControl "180+1"]
[EndTime "11:17:39 PST"]
[Termination "szabadaba won by resignation"]

1. e4 c6 2. Nf3 d5 3. Nc3 dxe4 4.
Nxe4 Nd7 5. Qe2 Ndf6 6. g3 Bf5 7. Nxf6+ Nxf6 8. d3 Qc8 9. h3 h6 10. Bg2 Nd5 11.
Ne5 g6 12. c4 Nb6 13. d4 Bg7 14. Bf4 O-O 15. Rd1 Rd8 16. g4 Be6 17. b3 a5 18. O-O a4 19. Qe3 g5 20. Bg3 axb3 21. axb3 Ra6 22. f4 Bf6 23. f5 Bd7 24. Rfe1 Be8 25. h4 Ra2 26. hxg5 hxg5 27. Nf3 Ra3 28. Qc3 c5 29. Be5 cxd4 30. Bxd4 Nd5 31. cxd5 Qxc3 32. Bxc3 Bxc3 33. Rxe7 Rxb3 34. d6 Bf6 35. Rc7 Bc6 36. Ne1 Rg3 37. Kh2 Be5 38. Kh1 Rxd6 39. Rxd6 Bxd6 40. Rc8+ Kg7 41. Bxc6 bxc6 42. Rxc6 Bf4 43. Ng2 Rxg4 44. Kg1 Be5 45. Kf2 Re4 46. Kf3 Ra4 47. Ne3 Ra3 48. Ke4 Bf4 49. Ng4 Ra4+ 50. Kf3 Ra3+ 51. Ke4 Rg3 52. f6+ Kg6 53. Ne5+ Bxe5 54. Kxe5 Re3+ 55. Kd4 Rf3 56. Ke5 Rf5+ 0-1

[Event "*** Titled Tuesday Blitz"]
[Site "Chess.com"]
[Date "2020.12.29"]
[Round "7"]
[White "IMVoja"]
[Black "Legendinunknown"]
[Result "0-1"]
[WhiteElo "2409"]
[BlackElo "2558"]
[TimeControl "180+1"]
[EndTime "11:17:39 PST"]
[Termination "Legendinunknown won by resignation"]

1. d4 d5 2. Bg5 h6 3. Bh4 c6 4. c3 Qb6 5. Qb3 Qxb3 6. axb3 Nd7 7. Nf3 e6 8. b4 Ne7 9. Bxe7 Bxe7 10. e3 Bd6 11. Nbd2 Nf6 12. Bd3 O-O 13. O-O Bd7 14. h3 a6 15. Nb3 Rae8 16. Nc5 Bc8 17. Ne5 Re7 18. f4 Ne8 19. g4 Nc7 20. Kg2 Rfe8 21.
h4 f6 22. Ng6 Rf7 23. Rae1 e5 24. f5 b6 25. Na4 b5 26. Nc5 Bxc5 27. bxc5 a5 28. b3 Bb7 29. Ra1 Ra8 30. dxe5 fxe5 31. Nxe5 Re7 32. Ng6 Rxe3 33. Rf3 Rxf3 34. Kxf3 a4 35. bxa4 bxa4 36. Ra3 Ba6 37. Bxa6 Rxa6 38. c4 dxc4 39. Re3 a3 40. Re7 Ra7 41. Rd7 Ra8 42. Ne7+ Kh7 43. f6 a2 44. Nf5 a1=Q 45. Rxg7+ Kh8 46.
Rxc7 Qf1+ 47. Ke4 Qg2+ 48. Ke5 Qh2+ 49. Ke6 Qxc7 50. Ne7 c3 51. Ng6+ Kh7 52. Ne7 c2 53.
g5 hxg5 54. hxg5 Qxe7+ 55. Kxe7 Kg6 56. f7 c1=Q 57. f8=Q Qe3+ 58. Kd7 Rxf8 59. Kxc6 Qe6+ 0-1

[Event "*** Titled Tuesday Blitz"]
[Site "Chess.com"]
[Date "2020.12.29"]
[Round "7"]
[White "BahadirOzen"]
[Black "champ2005"]
[Result "0-1"]
[WhiteElo "2767"]
[BlackElo "2992"]
[TimeControl "180+1"]
[EndTime "11:17:40 PST"]
[Termination "champ2005 won by resignation"]

1. Nf3 d5 2. d4 Nf6 3. c4 c6 4.
cxd5 cxd5 5. Nc3 Nc6 6. Bf4 Nh5 7. Bd2 e6 8. Rc1 Be7 9. g3 O-O 10. Bg2 Bd7 11. O-O Rc8 12. e4 dxe4 13. Nxe4 Be8 14. Bc3 Nf6 15. Ne5 Nd5 16. Qb3 b6 17. Rfd1 f6 18.
Nxc6 Bxc6 19. Re1 Qd7 20. a3 Kh8 21. Bd2 Rfe8 22. h3 Bf8 23. Kh2 Ne7 24. Be3 Bd5 25. Qd3 Nf5 26. Nc3 Bxg2 27. Kxg2 Rcd8 28. Rcd1 e5 29.
d5 Nd6 30. f3 f5 31. Bf2 g6 32. g4 Bg7 33. Bg3 Rc8 34. Re2 h5 35. Rde1 e4 36. fxe4 Bxc3 37. bxc3 Nxe4 38. Bf4 Kh7 39. gxh5 gxh5 40.
Kh2 Qf7 41. c4 Rg8 42. Rxe4 fxe4 43. Rxe4 Qg6 44. Re7+ Rg7 45. Rxg7+ Kxg7 46. Be5+ Kh7 47. Qxg6+ Kxg6 48. d6 Kf7 49. d7 Rd8 0-1

[Event "*** Titled Tuesday Blitz"]
[Site "Chess.com"]
[Date "2020.12.29"]
[Round "7"]
[White "KyronGriffith"]
[Black "ViktoriyaTarasova"]
[Result "1-0"]
[WhiteElo "2538"]
[BlackElo "2349"]
[TimeControl "180+1"]
[EndTime "11:17:44 PST"]
[Termination "KyronGriffith won by resignation"]

1. e4 c5 2. Nf3 d6 3. d4 cxd4 4.
Nxd4 Nf6 5. Nc3 a6 6. Nb3 e5 7. Bg5 Nbd7 8. Qd2 Be7 9. O-O-O b5 10. Bxf6 Nxf6 11. f3 O-O 12. Kb1 b4 13. Nd5 Nxd5 14. Qxd5 Be6 15. Qd2 a5 16. Nc1 Qb6 17. Bd3 a4 18.
Rhe1 Rfc8 19. g3 a3 20. b3 Qd4 21. c4 bxc3 22. Qc2 Qb6 23. Be2 Rab8 24. Ka1 Bg5 25. f4 exf4 26. h4 Bf6 27. g4 Be5 28. g5 Rd8 29. Nd3 Qc7 30. h5 Qe7 31. g6 fxg6 32.
hxg6 h6 33. Nxe5 dxe5 34. Qxc3 Qf6 35. Kb1 Rbc8 36. Rxd8+ Rxd8 37. Bc4 Rc8 38. Bxe6+ Qxe6 39. Qa5 Qc6 40. Qd5+ Qxd5 41. exd5 Re8 42. Re4 Kf8 43. Kc2 Rc8+ 44. Kd3 Ke7 45. Rxe5+ Kd6 46. Rf5 Rc1 47. Rxf4 Kxd5 48. Rf5+ Ke6 49. Ra5 Rg1 50. Rxa3 h5 51. Ke2 h4 52. Kf2 Rg5 53. Ra6+ Kd7 54. Ra4 h3 55.
Rh4 Rxg6 56. Rxh3 Rf6+ 57. Rf3 Ra6 58. a4 g5 59. Kg3 Rb6 60. Kg4 Kd6 61. Rf6+ Kd5 62.
Rxb6 1-0

[Event "*** Titled Tuesday Blitz"]
[Site "Chess.com"]
[Date "2020.12.29"]
[Round "7"]
[White "zurzan"]
[Black "HrvojeZagreb"]
[Result "0-1"]
[WhiteElo "2049"]
[BlackElo "2230"]
[TimeControl "180+1"]
[EndTime "11:17:44 PST"]
[Termination "HrvojeZagreb won by checkmate"]

1. f4 f5 2. Nf3 Nf6 3. g3 e6 4. Bg2 Be7 5. O-O O-O 6. d3 d6 7. c3 Nc6 8. Qe1 e5 9. e4 exf4 10. Bxf4 fxe4 11. dxe4 Nh5 12. Be3 Bf6 13. Nbd2 Ne5 14. Nxe5 Bxe5 15. Rxf8+ Qxf8 16. Nf3 Bf6 17. Rd1 g6 18. Nd4 Bg4 19. Rd2 Re8 20. Nb5 Bd8 21. Nxa7 Nf6 22. Bd4 c5 23. Bxf6 Bxf6 24. Nb5 Be5 25.
Nc7 Re7 26. Nd5 Rf7 27. Ne3 Be6 28. c4 Bd4 29. Kh1 Bxe3 30. Qxe3 Rf1+ 31. Bxf1 Qxf1+ 32. Qg1 Qf3+ 33. Qg2 Qe3 34. b3 Qe1+ 35. Qg1 Qxd2 36.
Qg2 Qe1+ 37. Qg1 Qxe4+ 38. Qg2 Qb1+ 39. Qg1 Qxa2 40. Qe1 Bf7 41. Qe3 Qb1+ 42. Kg2 Qf5 43. h3 b6 44. Kh2 Qe5 45. Qd3 h5 46. h4 d5 47. cxd5 Qxd5 48. Qe3 Qxb3 49. Qe5 Qc2+ 50. Kg1 Qf5 51. Qb8+ Kh7 52. Qxb6 c4 53. Qc7 Qf3 54. Kh2 c3 55. Kh3 Kh6 56. Kh2 Qf2+ 57. Kh3 c2 58.
Qc3 Be6+ 59. g4 Bxg4# 0-1

[Event "*** Titled Tuesday Blitz"]
[Site "Chess.com"]
[Date "2020.12.29"]
[Round "7"]
[White "MasterMK73"]
[Black "eightbyeightchess"]
[Result "0-1"]
[WhiteElo "2247"]
[BlackElo "2376"]
[TimeControl "180+1"]
[EndTime "11:17:47 PST"]
[Termination "eightbyeightchess won on time"]

1. e4 c6 2. d4 d5 3. e5 c5 4.
dxc5 Nc6 5. Nf3 Bg4 6. Bb5 e6 7.
Be3 Ne7 8. c3 Nf5 9. Bd4 Be7 10.
O-O Nh4 11. Be2 Bxf3 12. Bxf3 O-O 13. b4 f6 14. exf6 Bxf6 15. Bxf6 Qxf6 16. Bg4 Nxb4 17.
cxb4 Qxa1 18. Bxe6+ Kh8 19. Qxd5 Rad8 20. Qxb7 Qb2 21. h3 h6 22. Qe7 Ng6 23. Qc7 Nf4 24.
Bg4 Qxa2 25. b5 Qc4 26. b6 axb6 27. cxb6 Ne2+ 28. Kh2 Qf4+ 29. Qxf4 Nxf4 30. b7 Rb8 31. Bc8 Nd3 32. Nc3 Rxf2 33. Rxf2 Nxf2 34. Na4 Nd3 35. Nb6 Nc5 36. Nd5 Nxb7 37. Bg4 g5 38. Ne7 Kg7 39. Nf5+ Kg6 40. Ne7+ Kf6 41. Nd5+ Ke5 42. Ne7 Nd6 43. Nc6+ Kf4 44. Nxb8 Ne4 45. Nd7 Ng3 46. Nc5 Nf1+ 47. Kg1 Nd2 48. Ne6+ Ke3 49. Nf8 Ne4 50. Nh7 Ng3 51. Kh2 Nf1+ 52. Kg1 Ng3 53. Kh2 Kf2 0-1

[Event "*** Titled Tuesday Blitz"]
[Site "Chess.com"]
[Date "2020.12.29"]
[Round "7"]
[White "petrpalachev"]
[Black "TigrVShlyape"]
[Result "1/2-1/2"]
[WhiteElo "2750"]
[BlackElo "2865"]
[TimeControl "180+1"]
[EndTime "11:17:48 PST"]
[Termination "Game drawn by repetition"]

1. d4 d5 2. c4 c6 3. Nf3 Nf6 4. e3 Bg4 5. h3 Bxf3 6. Qxf3 e6 7. Nc3 Nbd7 8. Bd2 g6 9. cxd5 exd5 10. Bd3 Bg7 11. O-O O-O 12. b4 a6 13. a4 Re8 14.
Rab1 Nb6 15. Rfc1 Qd6 16. g3 Nfd7 17. a5 Nc8 18. Na4 Qe7 19. Nc5 Nd6 20. h4 f5 21. Kg2 Nf6 22. Qf4 Nfe4 23. Be1 h6 24.
Qf3 Rf8 25. Qe2 Nf6 26. f3 Rfe8 27. Bf2 Qf7 28. Qc2 Re7 29. Re1 Rae8 30. Re2 Nh5 31.
g4 Nf6 32. g5 Nh7 33. f4 h5 34. Rc1 Nf8 35. Ree1 Ne6 36. Kg3 Nc7 37. Qd2 Ncb5 38. Qc2 Ra8 39. Kf3 Qe8 40. Kg3 Kh7 41. Kg2 Qf7 42. Kf1 Qe8 43. Re2 Qf7 44. Ree1 Na3 45.
Qa2 Nac4 46. Re2 Rae8 47. Rce1 Kg8 48. Qc2 Na3 49. Qa2 Nac4 50. Qc2 Na3 51. Qa2 Nab5 52. Qc2 Kh7 53. Rc1 Na3 54. Qa2 Nac4 55. Rce1 Kg8 1/2-1/2

[Event "*** Titled Tuesday Blitz"]
[Site "Chess.com"]
[Date "2020.12.29"]
[Round "7"]
[White "KaterinaMiroshnik"]
[Black "Training_Day"]
[Result "1-0"]
[WhiteElo "2542"]
[BlackElo "2390"]
[TimeControl "180+1"]
[EndTime "11:17:48 PST"]
[Termination "KaterinaMiroshnik won on time"]

1. d3 d5 2. Nf3 Bg4 3. Nbd2 Nd7 4. h3 Bxf3 5. exf3 e5 6. g3 Ngf6 7. Bg2 Bd6 8. O-O O-O 9. c3 c6 10. Re1 Re8 11. Nf1 Qc7 12. Nh2 a5 13. Ng4 a4 14. a3 Rad8 15. Bg5 b5 16. Bxf6 Nxf6 17. Nxf6+ gxf6 18. Qd2 Kg7 19. d4 Re7 20. dxe5 fxe5 21. Qg5+ Kh8 22. h4 Qd7 23. Kh2 Qe6 24. f4 f6 25. Qh5 Qf7 26. Qxf7 Rxf7 27. fxe5 fxe5 28. Kg1 Rdf8 29. Re2 e4 30. Bh3 Bc5 31. Rf1 Rf3 32.
Kg2 e3 33. Bg4 Rxf2+ 34. Rexf2 exf2 35. Bd7 Rf6 36. Bg4 Kg7 37. Bh3 Rf7 38. g4 Re7 39. g5 h6 40. Kg3 hxg5 41. hxg5 Kg6 42. Bg2 Kxg5 43. Rh1 Re1 44. Bf1 d4 45. Kxf2 Re7 46. Kf3 dxc3 47. bxc3 Re3+ 48. Kg2 Rxc3 49. Rh8 Bxa3 50.
Rg8+ Kf6 51. Be2 Bb2 52. Rc8 a3 53. Ra8 1-0